 Dungeon Crawl Stone Soup version 0.23.2-40-g277498a001 (webtiles) character file.

Game seed: 9888599305078193184

3603 Descartes the Covert (level 9, -1/45 HPs)
             Began as a Felid Wanderer on Oct 12, 2019.
             Killed by divine providence
             ... invoked by an orc priest
              (13 damage)
             ... on level 9 of the Dungeon.
             The game lasted 00:26:18 (11264 turns).

Descartes the Covert (Felid Wanderer)              Turns: 11264, Time: 00:26:19

Health: -1/45      AC:  2    Str: 11    XL:     9   Next: 86%
Magic:  12/12      EV: 26    Int: 15    God:
Gold:   375        SH:  4    Dex: 17    Spells: 8/8 levels left
                                        Lives:  0   Deaths: 2

rFire    . . .     SeeInvis +     - Unarmed
rCold    . . .     Gourm    .   (shield unavailable)
rNeg     . . .     Faith    .   (armour unavailable)
rPois    .         Spirit   .   (helmet unavailable)
rElec    .         Reflect  .   (cloak unavailable)
rCorr    .         Harm     .   (gloves unavailable)
MR       +....                  (boots unavailable)
Stlth    +++++.....             n - amulet of the acrobat
HPRegen  0.15/turn              m - +3 ring of strength
MPRegen  0.13/turn              (no ring)

@: quick
A: very small, no armour, no weapons or thrown items, stealth, claws 1, fangs 3,
horns 1, large bone plates 1, see invisible, carnivore, speed 1, robust 1,
shaggy fur 2, slow metabolism 1, sharp paws
a: no special abilities


You were on level 9 of the Dungeon.
You were completely stuffed.

You visited 2 branches of the dungeon, and saw 10 of its levels.

You collected 375 gold pieces.

Inventory:

Missiles
 l - 251 stones
 o - 188 arrows
Jewellery
 m - a +3 ring of strength (left paw)
 n - an amulet of the acrobat (around neck)
 E - an uncursed ring of protection from fire {unknown}
Wands
 s - a wand of random effects (9)
 z - a wand of paralysis (9)
Scrolls
 d - 7 scrolls of teleportation
 g - a scroll of blinking {unknown}
 h - 2 scrolls of immolation {unknown}
 i - 11 scrolls of remove curse
 k - 2 scrolls of amnesia {unknown}
 p - 4 scrolls of fear {unknown}
 q - 4 scrolls of fog {unknown}
 r - 2 scrolls of magic mapping {unknown}
 x - a scroll of random uselessness {unknown}
 y - a scroll of acquirement {unknown}
 A - a scroll of enchant armour {unknown}
 B - a scroll of torment {unknown}
 D - a scroll of identify
Potions
 a - 2 potions of haste
 b - a potion of berserk rage
 c - a potion of curing
 e - 2 potions of flight
 j - 3 potions of brilliance
 t - 2 potions of lignification
 u - a potion of ambrosia
 v - a potion of mutation
 w - 2 potions of heal wounds
Comestibles
 f - 11 rations
 C - 6 chunks of flesh


   Skills:
 + Level 6.3 Fighting
 * Level 10.0 Dodging
 * Level 11.2 Stealth
 * Level 9.3 Unarmed Combat
 - Level 3.0 Evocations


You had 8 spell levels left.
You didn't know any spells.
Your spell library contained the following spells:

 Spells                   Type           Power        Failure   Level  Hunger
 Beastly Appendage        Tmut           #.....       26%         1    ##.....
 Shock                    Conj/Air       #...         26%         1    ##.....
 Sticks to Snakes         Tmut           #.......     38%         2    ###....
 Swiftness                Chrm/Air       #.......     38%         2    ###....
 Spider Form              Tmut/Pois      #.........   63%         3    ####...
 Static Discharge         Conj/Air       #.......     63%         3    ####...
 Airstrike                Air            #.........   95%         4    #####..
 Ice Form                 Ice/Tmut       #.......     95%         4    #####..
 Blade Hands              Tmut           #.........   100%        5    ######.
 Lightning Bolt           Conj/Air       #.........   100%        5    ######.


Dungeon Overview and Level Annotations

Branches:
Dungeon (9/15)             Temple (1/1) D:4
   Lair: D:8-11         Orc: D:9-12

Altars:
Ashenzari
Cheibriados
Dithmenos
Elyvilon
Fedhas
Gozag
Hepliaklqana
Kikubaaqudgha
Makhleb
Nemelex Xobeh
Okawaru
Qazlal
Ru
Sif Muna
Trog
Uskayaw
Vehumet
Wu Jian
Xom
Yredelemnul
Zin
The Shining One

Shops:
D:4 (


Innate Abilities, Weirdness & Mutations

You cannot wear armour.
You are incapable of wielding weapons or throwing items.
Your paws allow you to move quietly. (Stealth)
You have sharp claws.
You have razor-sharp teeth.
You have supernaturally acute eyesight. (SInv)
You are carnivorous and can eat meat at any time.
You cover ground quickly.
You are covered in thick fur. (AC +2)
You have a slow metabolism.
Your sharp claws are effective at attacking unaware monsters.
You have a pair of small horns on your head.
You are partially covered in large bone plates. (SH +4)
You are robust. (+10% HP)


Message History

The orc priest hits you with a +0 club.
You claw the orc priest!
You kill the orc priest!
The orc priest calls down the wrath of Beogh upon you.
Beogh smites you!
You are too injured to fight recklessly!
Items here: )) [ †† a +0 club; a +0 dagger; a +0 robe; an orc corpse x2
The orc priest misses you.
You scratch the orc priest but do no damage.
The orc priest barely misses you. You block the orc's attack.
You claw the orc priest! You claw the orc priest.
The orc priest is heavily wounded.
The orc priest completely misses you. The orc hits you with a +0 hand axe.
* * * LOW HITPOINT WARNING * * *
You scratch the orc priest. Your headbutt misses the orc priest.
The orc priest is severely wounded.
The orc priest calls down the wrath of Beogh upon you.
Beogh smites you!
You die...

..................#..####.#
................).#.....#.#
...........######.......#.###+##.
...######### ##..#...........#.
..###### #. .................#.
.......# #.#######............#.
.......## #.#.....#.....o......#.
........# #.#.##.o...#.........#.
...#....###...))@o..>.....o.....o
..............#....#######.......
#.##.........##....+ #..........
+..'.........##....# #.##?......
#.##.........##.#### # #.....##
#.####......###.# ...######
'........... #.. ##+ #...........
#.. #...........


You could see an orc priest and an orc.

Vanquished Creatures
  Grinder (D:5)
  A hippogriff (D:8)
  Sigmund (D:2)
  Eustachio (D:4)
  A hungry ghost (D:7)
  Menkaure (D:5)
  Duvessa (D:4)
  Edmund (D:6)
  2 water moccasins
  6 ice beasts
  A sky beast (D:8)
  An eye of draining (D:8)
  A phantom (D:8)
  2 ogres
  4 centaurs
  5 bullfrogs
  Dowan (D:4)
  5 wights (D:7)
  2 crimson imps
  2 centaur skeletons
  4 orc priests
  3 hounds
  2 jellies
  Crazy Yiuf (D:2)
  Jessica (D:2)
  3 iguanas
  Natasha (twice) (D:2)
  10 orc wizards
  9 worker ants
  4 gnolls
  7 adders
  2 river rats (D:3)
  2 shadow imps
  An ooze (D:4)
  An adder skeleton (D:4)
  An adder zombie (D:5)
  3 worms
  A dart slug (D:2)
  7 leopard geckos
  23 orcs
  A ball python (D:3)
  9 giant cockroaches
  8 goblins
  12 hobgoblins
  9 jackals
  8 kobolds
  A quokka (D:7)
  2 bats (D:3)
  A frilled lizard (D:1)
  A jackal skeleton (D:8)
  8 rats
187 creatures vanquished.

Notes
Turn   | Place    | Note
-------+----------+-------------------------------------------
     0 | D:1      | Descartes the Felid Wanderer began the quest for the Orb.
     0 | D:1      | Descartes set off with the following items: a potion of
                  | haste, a potion of berserk rage, a potion of curing, a
                  | scroll of teleportation, a ration
     0 | D:1      | Reached XP level 1. HP: 10/10 MP: 2/2
    58 | D:1      | Reached skill level 3 in Stealth
   105 | D:1      | Reached XP level 2. HP: 14/14 MP: 3/3
   119 | D:1      | Reached skill level 1 in Dodging
   633 | D:2      | Reached XP level 3. HP: 13/17 MP: 4/4
   755 | D:2      | Found a stormy altar of Qazlal.
   757 | D:2      | Found a radiant altar of Vehumet.
   784 | D:2      | Found a faded altar of an unknown god.
  1040 | D:2      | Noticed Jessica
  1043 | D:2      | Killed Jessica
  1043 | D:2      | Reached skill level 4 in Stealth
  1043 | D:2      | Reached XP level 4. HP: 21/21 MP: 5/5
  1051 | D:2      | Noticed a centaur
  1065 | D:2      | Killed a centaur
  1065 | D:2      | Reached XP level 5. HP: 13/24 MP: 6/6
  1222 | D:2      | Noticed Natasha
  1237 | D:2      | Killed Natasha
  1353 | D:2      | Noticed Sigmund
  1741 | D:2      | Noticed Natasha
  1752 | D:2      | Killed Natasha
  1819 | D:2      | Reached skill level 5 in Stealth
  1857 | D:2      | Killed Sigmund
  1857 | D:2      | Gained mutation: You are covered in thick fur. (AC +2)
                  | [Felid growth]
  1857 | D:2      | Reached XP level 6. HP: 23/28 MP: 7/7
  1935 | D:2      | Found a runed translucent door.
  1936 | D:2      | Noticed Crazy Yiuf
  1943 | D:2      | Killed Crazy Yiuf
  2259 | D:3      | Found a bloodstained altar of Trog.
  2409 | D:3      | Found a glowing drain.
  2915 | D:4      | Noticed Duvessa
  2915 | D:4      | Noticed Dowan
  3441 | D:3      | Reached skill level 6 in Stealth
  3459 | D:3      | Gained mutation: You are partially covered in large bone
                  | plates. (SH +4) [potion of mutation]
  3459 | D:3      | Gained mutation: You have a pair of small horns on your
                  | head. [potion of mutation]
  3459 | D:3      | Gained mutation: You are robust. (+10% HP) [potion of
                  | mutation]
  3575 | D:4      | Found Oseaprer's Weapon Boutique.
  3695 | D:4      | Reached skill level 5 in Dodging
  3695 | D:4      | Reached XP level 7. HP: 32/35 MP: 8/8
  3804 | D:4      | Found an iron altar of Okawaru.
  4543 | D:4      | Killed Duvessa
  4797 | D:4      | Killed Dowan
  4831 | D:4      | Noticed Eustachio
  4898 | D:4      | Reached skill level 7 in Stealth
  4904 | D:4      | Found a staircase to the Ecumenical Temple.
  4913 | Temple   | Entered the Ecumenical Temple
  5358 | D:4      | Found Oseaprer's Weapon Boutique.
  5455 | D:4      | Found an iron altar of Okawaru.
  5627 | D:4      | Killed Eustachio
  5627 | D:4      | Reached XP level 8. HP: 35/39 MP: 9/9
  5675 | D:5      | Entered Level 5 of the Dungeon
  6452 | D:3      | Slain by an ice beast
  6453 | D:3      | Reached XP level 7. HP: -3/36 MP: 8/8
  6516 | D:4      | Found an iron altar of Okawaru.
  6617 | D:4      | Reached skill level 1 in Evocations
  6935 | D:4      | Reached skill level 8 in Stealth
  7072 | D:5      | Noticed Grinder
  7193 | D:5      | Paralysed by Grinder for 7 turns
  7196 | D:5      | Killed from afar by Grinder
  7197 | D:5      | Reached XP level 6. HP: -6/33 MP: 8/8
  7217 | D:5      | Killed Grinder
  7217 | D:5      | Reached skill level 5 in Fighting
  7217 | D:5      | Reached XP level 7. HP: 36/36 MP: 9/9
  7384 | D:5      | Noticed Menkaure
  7788 | D:5      | Killed Menkaure
  8015 | D:6      | Found an opulent altar of Gozag.
  8051 | D:6      | Reached skill level 9 in Stealth
  8073 | D:6      | Reached XP level 8. HP: 40/40 MP: 10/10
  8776 | D:6      | Noticed Edmund
  8783 | D:6      | Killed Edmund
  8918 | D:7      | Found a stormy altar of Qazlal.
  9326 | D:7      | Reached skill level 10 in Stealth
  9326 | D:7      | Reached XP level 9. HP: 27/45 MP: 12/12
  9617 | D:7      | Found an ancient bone altar of Kikubaaqudgha.
  9617 | D:7      | Found a bloodstained altar of Trog.
 10970 | D:8      | Reached skill level 11 in Stealth
 11197 | D:9      | Reached skill level 10 in Dodging
 11264 | D:9      | Killed from afar by an orc priest

Skill      XL: |  1  2  3  4  5  6  7  8  9 |
---------------+----------------------------+-----
Stealth        | 3 4 5 6 9 10 11 | 11.2
Dodging        | 1 2 3 4 7 6 8 10 | 10.0
Unarmed Combat | 6 7 8 9 |  9.3
Fighting       | 5 6 |  6.3
Evocations     | 2 3 |  3.0

Action                   |  1- 3 |  4- 6 |  7- 9 || total
-------------------------+-------+-------+-------++-------
Melee: Unarmed           |    70 |   180 |   400 ||   650
       Bite              |     3 |    11 |    43 ||    57
       Headbutt          |       |     4 |    61 ||    65
       Punch             |       |       |    14 ||    14
Evoke: Wand              |       |       |     4 ||     4
  Use: Scroll            |       |     4 |     4 ||     8
       Potion            |       |     1 |     2 ||     3
 Stab: Sleeping          |    11 |    10 |    28 ||    49
       Distracted        |       |     2 |     3 ||     5
  Eat: Chunk             |     8 |     5 |    28 ||    41
Armor: Skin              |     2 |    12 |     5 ||    19
Dodge: Dodged            |    41 |   137 |   261 ||   439
Block: Other             |       |     2 |    64 ||    66
